 Dungeon Crawl Stone Soup version 0.17-a0-737-gf0a300a (webtiles) character file.

141 MackTheKnife the Cudgeler (level 5, -14/27 HPs)
             Began as a Vine Stalker Berserker on May 9, 2015.
             Was a Follower of Trog.
             Demolished by an ogre zombie
             ... wielding a +0 giant club
             ... animated by a shadow imp
              (18 damage)
             ... on level 5 of the Dungeon.
             The game lasted 00:01:06 (206 turns).

MackTheKnife the Cudgeler (Vine Stalker Berserker)   Turns: 206, Time: 00:01:06

Health: -14/27     AC:  3    Str: 20    XL:     5   Next: 24%
Magic:  0/6        EV: 12    Int:  7    God:    Trog [*.....]
Gold:   0          SH:  0    Dex: 14    Spells: 0 memorised, 4 levels left

rFire  . . .     SeeInvis .     a - +0 mace
rCold  . . .     Clarity  .     b - +0 animal skin
rNeg   . . .     SustAb   .     (no shield)
rPois  .         Gourm    .     (no helmet)
rElec  .         Spirit   +     (no cloak)
rCorr  .         Warding  .     (no gloves)
rMut   .         Stasis   .     (no boots)
MR     .....                    (no amulet)
Stlth  +.........               (no ring)
                                (no ring)

@: exhausted, slowed, very slow, not resistant to hostile enchantments, very
unstealthy
A: fangs 2, regeneration 1, shaggy fur 1, magic shield, antimagic bite, no
device heal 3, rot immunity
a: Burn Spellbooks, Berserk, Renounce Religion


You were on level 5 of the Dungeon.
You worshipped Trog.
Trog was aware of your devotion.
You were not hungry.

You visited 1 branch of the dungeon, and saw 4 of its levels.

Inventory:

Hand weapons
 a - a +0 mace (weapon)
Armour
 b - a +0 animal skin (worn)
Scrolls
 e - a scroll of amnesia {unknown}
Comestibles
 c - 2 bread rations {@e1}
 d - a slice of pizza
 f - a meat ration {@e2}


   Skills:
 - Level 2.6 Fighting
 + Level 5.2 Maces & Flails
 - Level 1.5 Armour
 - Level 1.5 Dodging


You had 4 spell levels left.
You didn't know any spells.

Dungeon Overview and Level Annotations

Branches:
Dungeon (5/15)
 Temple: D:4-7

Altars:
Gozag

Shops:
D:4 *


Innate Abilities, Weirdness & Mutations

You have extremely sharp teeth.
Your natural rate of healing is unusually fast.
You are covered in fur (AC +1).
When hurt, damage is shared between your health and your magic reserves.
Your bite disrupts and absorbs the magic of your enemies.
Potions and wands cannot restore your health.
You are immune to rotting.


Message History

The bat hits you.
The bat skeleton hits you but does no damage.
You take 1 damage, and have 18/19 hp.
The bat skeleton closely misses you. The bat skeleton misses you.
The bat hits you but does no damage. The bat skeleton barely misses you.
The bat hits you but does no damage. The bat skeleton barely misses you.
The bat hits you but does no damage.
The bat skeleton hits you but does no damage.
The bat skeleton hits you.
You now have 3/4 mp.
The bat skeleton barely misses you. The bat hits you.
You take 1 damage, and have 17/19 hp.
You hit the worker ant but do no damage.
Your bite misses the worker ant. The bat skeleton closely misses you.
The bat closely misses you.
The bat skeleton hits you but does no damage.
The bat skeleton barely misses you. The bat barely misses you.
The worker ant closely misses you.
The bat skeleton hits you but does no damage.
The bat hits you but does no damage.
The bat skeleton hits you but does no damage.
The bat skeleton barely misses you. The bat skeleton closely misses you.
The bat skeleton barely misses you. The bat barely misses you.
The bat skeleton closely misses you. The bat skeleton misses you.
Health restored: 19 A red film seems to cover your vision as you go berserk!
You feel yourself moving faster!
You feel mighty!
You feel somewhat more hungry.
The bat skeleton hits you but does no damage.
The bat skeleton barely misses you. The bat skeleton misses you.
You now have 28/28 hp.
You hit the bat skeleton. Your bite misses the bat skeleton.
The bat skeleton hits you.
The bat skeleton hits you but does no damage.
You take 1 damage, and have 27/28 hp.
You barely miss the bat skeleton. You bite the bat skeleton.
You drain its power.
You feel invigorated.
You destroy the bat skeleton!
MP restored: 4 You closely miss the hobgoblin.
The hobgoblin hits you. The goblin hits you but does no damage.
You take 1 damage, and have 26/28 hp.
You now have 3/4 mp.
You barely miss the hobgoblin. Your bite misses the hobgoblin.
The hobgoblin misses you. The goblin closely misses you.
You closely miss the hobgoblin. You bite the hobgoblin. You drain its power.
You feel invigorated.
You kill the hobgoblin!
Trog accepts your kill.
MP restored: 4 You sock the worker ant!
Your bite misses the worker ant. The goblin hits you.
The worker ant closely misses you.
You take 2 damage, and have 24/28 hp.
You thump the worker ant!
You kill the worker ant!
Trog accepts your kill.
Your Maces & Flails skill increases to level 4!
The goblin hits you.
You take 1 damage, and have 23/28 hp.
You sock the ogre! The goblin closely misses you. The ogre barely misses you.
You sock the ogre! You thump the ogre! You bite the ogre. You drain its power.
You kill the ogre!
Trog accepts your kill.
Your Maces & Flails skill increases to level 5!
You have reached level 4!
You feel stronger.
You have reached level 5!
The goblin hits you.
The shadow imp throws its arms wide.
The dead are walking!
An ogre zombie comes into view. It is wielding a giant club.
You regained 8 hp, and now have 31/40 hp.
You sock the ogre zombie! You bite the ogre zombie. You drain its power.
You feel invigorated. The goblin closely misses you.
MP restored: 6 You thump the ogre zombie!
You bite the ogre zombie! You drain its power.
You are no longer berserk.
You pass out from exhaustion.
You feel yourself slow down. The goblin hits you.
The ogre zombie hits you with a giant club!
The goblin barely misses you. The ogre zombie barely misses you.
The goblin hits you. The goblin hits you.
* * * LOW HITPOINT WARNING * * *
The ogre zombie hits you with a giant club!
* * * LOW HITPOINT WARNING * * *
The goblin hits you.
You can move again.
You now have 3/27 hp.
Unknown command.
Unknown command.
You sock the goblin!
You kill the goblin!
Trog accepts your kill. The bat barely misses you.
The ogre zombie hits you with a giant club!!
Ouch! That really hurt!
You die...

Z. #. .. . . #.#.#
#. . #.. ... ..
...... ##.# .#
.⌠.⌠5#.. #..###b##
........###.#.>...#
.#.....#.#.....##.##
.............#5Z@.#
...........#...####
......##.O.#####
..........##
...#....###
...#....# ........#
........# .........#


You could see a shadow imp, an ogre zombie and a bat.

Vanquished Creatures
  An ogre (D:5)
  2 worker ants
  A bat skeleton (D:5)
  A goblin (D:5)
  2 hobgoblins
  A bat (D:2)
  A rat (D:1)
9 creatures vanquished.

Notes
Turn   | Place    | Note
--------------------------------------------------------------
     0 | D:1      | MackTheKnife, the Vine Stalker Berserker, began the quest for the Orb.
     0 | D:1      | Reached XP level 1. HP: 11/11 MP: 2/2
   139 | D:2      | You fall through a shaft!
   139 | D:4      | Noticed a worker ant
   142 | D:4      | Killed a worker ant
   142 | D:4      | Reached skill level 3 in Maces & Flails
   142 | D:4      | Reached XP level 2. HP: 16/16 MP: 3/3
   142 | D:4      | Reached XP level 3. HP: 19/19 MP: 4/4
   161 | D:4      | Found Gozag's Platinum Reserve.
   163 | D:4      | Found an opulent altar of Gozag.
   173 | D:5      | Entered Level 5 of the Dungeon
   173 | D:5      | Noticed an ogre
   196 | D:5      | Reached skill level 4 in Maces & Flails
   199 | D:5      | Killed an ogre
   199 | D:5      | Reached skill level 5 in Maces & Flails
   199 | D:5      | Reached XP level 4. HP: 23/23 MP: 5/5
   199 | D:5      | Reached XP level 5. HP: 27/27 MP: 6/6
   204 | D:5      | HP: 3/27 [ogre zombie/giant club[a shadow imp] (5)]
   206 | D:5      | Demolished by an ogre zombie

Action                   |  1- 3 |  4- 6 || total
-------------------------+-------+-------++-------
Melee: Mace              |    23 |     3 ||    26
Invok: Berserk           |     2 |       ||     2

Vault maps used:
D:1:      dpeg_arrival_central, kennysheep_flooded_box
D:2:      kennysheep_nondescript, minmay_misc_feat_more_columns, uniq_iyjb
D:4:      nicolae_gozag_zags_fifth_avenue
D:5:      nicolae_dithmenos_shadow_blocks, elyvilon_altar_5,
          nicolae_ossuary_entry_ruins, first_bread

Table legend:
 A = Turns spent in this place as a percentage of turns spent in the entire game.
 B = Non-inter-level travel turns spent in this place as a percentage of non-inter-level travel turns spent in the entire game.
 C = Inter-level travel turns spent in this place as a percentage of turns spent in this place.
 D = Turns resting spent in this place as a percentage of non-inter-level travel turns spent in this place.
 E = Turns spent auto-exploring this place as a percentage of non-inter-level travel turns spent in this place.
 F = Non-inter-level travel turns spent in this place divided by the number of levels of this place that you've seen.
                   A       B       C       D       E      F
               +-------+-------+-------+-------+-------+----------------------
         Total | 100.0 | 100.0 |   0.0 |   0.0 |   1.0 |  49.5
       Dungeon | 100.0 | 100.0 |   0.0 |   0.0 |   1.0 |  49.5
               +-------+-------+-------+-------+-------+----------------------

Table legend:
 A = Kills in this place as a percentage of kills in entire the game.
 B = Kills by you in this place as a percentage of kills by you in the entire game.
 C = Kills by friends in this place as a percentage of kills by friends in the entire game.
 D = Other kills in this place as a percentage of other kills in the entire game.
 E = Experience gained in this place as a percentage of experience gained in the entire game.
 F = Experience gained in this place divided by the number of levels of this place that you have seen.
                   A       B       C       D       E      F
               +-------+-------+-------+-------+-------+----------------------
         Total | 100.0 | 100.0 |  -nan |  -nan | 100.0 |  50.5
       Dungeon | 100.0 | 100.0 |  -nan |  -nan | 100.0 |  50.5
               +-------+-------+-------+-------+-------+----------------------
